AoeStats
← Sparten gio

Four Lakes

503500785Analyzed
2v2 RM · 1mo ago on Sep 1, 2026· 69m 9s· 4 players
Game mode
Random Map
Map size
Medium (4 player)
Population
200
Speed
Normal
Resources
Standard
Victory
Conquest
Starting age
Dark Age
Ending age
Imperial Age
RankedLock teamsTeams togetherTeam positionsShared explorationLock speedFull tech treeHidden civsTurbo modeCheats
Victory
Defeat
🇵🇹 Wei · Portugal
855
+16
🇵🇹 Persians · Portugal
742
+21
🇺🇸 Cumans · United States
889
-20
🇺🇸 Japanese · United States
805
-16
Cypress Fever
0:27 Loom
14:18 Feudal Age
17:04 Horse Collar
17:13 Double-Bit Axe
17:36 Fishing Lines
18:20 Bloodlines
19:44 Wheelbarrow
23:10 Castle Age
22:26 Stone Mining
22:27 Gold Mining
23:44 Man-at-Arms
24:11 Gambesons
24:27 Squires
24:14 Arson
25:25 Long Swordsman
26:22 Gillnets
35:23 Gold Shaft Mining
35:04 Bow Saw
35:01 Heavy Plow
38:39 Imperial Age
36:26 Hand Cart
35:37 Pikeman
37:26 Elite Skirmisher
38:13 Thumb Ring
38:07 Fletching
38:18 Padded Archer Armor
38:18 Scale Mail Armor
38:29 Forging
39:10 Bodkin Arrow
38:55 Halberdier
38:58 Two-Handed Swordsman
41:05 Chemistry
39:57 Crossbowman
49:20 Arbalester
52:26 Champion
52:30 Champion
Sparten gio
9:32 Feudal Age
10:04 Double-Bit Axe
10:04 Horse Collar
18:21 Bloodlines
23:54 Castle Age
21:41 Loom
21:45 Town Watch
27:09 Fletching
27:31 Forging
29:04 Padded Archer Armor
29:38 Bodkin Arrow
31:12 Leather Archer Armor
31:13 Steppe Husbandry
32:35 Steppe Husbandry
37:34 Imperial Age
36:24 Scale Barding Armor
37:00 Iron Casting
36:04 Elite Skirmisher
43:08 Cuman Mercenaries
43:50 Cavalier
45:05 Chain Barding Armor
45:28 Conscription
49:03 Cavalier
55:36 Onager
BlueDragon_Tuga
9:58 Loom
11:49 Feudal Age
12:39 Double-Bit Axe
12:39 Horse Collar
13:22 Gold Mining
16:33 Town Watch
17:23 Wheelbarrow
16:57 Stone Mining
17:11 Fishing Lines
21:29 Castle Age
20:47 Fletching
20:57 Padded Archer Armor
22:29 Leather Archer Armor
22:09 Bodkin Arrow
22:23 Thumb Ring
23:29 Bow Saw
24:18 Heavy Plow
25:21 Gold Shaft Mining
30:55 Imperial Age
28:44 Hand Cart
29:33 Elite Skirmisher
32:10 Bracer
32:40 Ring Archer Armor
32:11 Scale Mail Armor
33:21 Ballistics
34:02 Chemistry
32:42 Treadmill Crane
34:17 Stone Shaft Mining
36:22 Parthian Tactics
37:07 Crop Rotation
38:43 Bloodlines
38:35 Husbandry
37:57 Light Cavalry
46:19 Hussar
48:47 Conscription
48:28 Tuntian
50:19 Devotion
53:11 Ming Guang Armor
52:06 Elite Tiger Cavalry
56:06 Chain Mail Armor
56:01 Forging
55:56 Scale Barding Armor
56:12 Murder Holes
56:27 Masonry
56:27 Fortified Wall
56:08 Guard Tower
59:18 Town Patrol
62:36 Heavy Hei Guang Cavalry
66:50 Capped Ram
70:17 Iron Casting
70:05 Chain Barding Armor
Sir KuBo PC
0:38 Loom
13:51 Feudal Age
14:10 Fishing Lines
14:30 Double-Bit Axe
16:10 Gold Mining
17:41 Wheelbarrow
18:43 Bloodlines
18:30 Arson
19:49 Fletching
19:46 Man-at-Arms
21:50 Horse Collar
25:42 Castle Age
25:39 Light Cavalry
26:19 Husbandry
26:46 Hand Cart
26:44 Bow Saw
26:39 Gillnets
26:22 Pikeman
27:04 Squires
26:49 Gambesons
27:55 Heavy Plow
29:16 Gold Shaft Mining
28:32 Stone Mining
31:14 Bodkin Arrow
31:31 Forging
33:00 Kamandaran
32:24 Crossbowman
38:23 Imperial Age
36:46 Stone Shaft Mining
37:06 Medium Warships
38:46 Halberdier
40:12 Town Watch
42:13 Clinker Construction
42:50 Fervor
48:33 Two-Man Saw
47:19 Capped Ram
48:00 Murder Holes
48:32 Ballistics
48:26 Elite Skirmisher
49:12 Thumb Ring
49:34 Parthian Tactics
50:05 Citadels
53:29 Conscription
52:30 Elite War Elephant
53:46 Hoardings
52:42 Sappers
54:04 Caravan
54:45 Guilds
55:01 Cavalier
55:39 Heavy Camel Rider
61:24 Savar
63:34 Hussar
Connection lost

Rejoining the realm…

Still unreachable

The connection could not be restored.

Session expired

The server has moved on; the page needs a fresh start.